 Dungeon Crawl Stone Soup version 0.26.1-2-gb8aa6d0cf2 (webtiles) character file.

Game seed: 3468272637613164241

90 azarias the Digger (level 4, -4/24 HPs)
             Began as a Gargoyle Earth Elementalist on Mar 19, 2021.
             Killed by divine providence
             ... invoked by an orc priest
              (12 damage)
             ... on level 4 of the Dungeon.
             The game lasted 00:02:52 (2554 turns).

azarias the Digger (Gargoyle Earth Elementalist)    Turns: 2554, Time: 00:02:52

Health: -4/24      AC:  7    Str: 12    XL:     4   Next: 56%
Magic:  4/8        EV: 12    Int: 16    God:
Gold:   198        SH:  0    Dex: 10    Spells: 7/8 levels left

rFire    . . .     SeeInvis .   g - +0 short sword
rCold    . . .     Faith    .   (no shield)
rNeg     + . .     Spirit   .   c - +0 robe
rPois    ∞         Reflect  .   (no helmet)
rElec    +         Harm     .   (no cloak)
rCorr    .         Rampage  .   v - +0 pair of gloves
Will     .....                  n - +0 pair of boots
Stlth    ++........             (no amulet)
HPRegen  0.08/turn              (no ring)
MPRegen  0.11/turn              (no ring)

@: no status effects
A: negative energy resistance 1, electricity resistance, unbreathing,
petrification resistance, miasma immunity, AC +3
a: no special abilities


You were on level 4 of the Dungeon.
You visited 1 branch of the dungeon, and saw 4 of its levels.

You collected 198 gold pieces.

Inventory:

Hand Weapons
 d - a +0 dagger
 g - a +0 short sword (weapon)
Missiles
 b - 153 stones
Armour
 c - a +0 robe (worn)
 n - a +0 pair of boots (worn)
 v - a +0 pair of gloves (worn)
Jewellery
 a - an uncursed amulet of magic regeneration {unknown}
 h - an uncursed ring of fire
 p - a +4 ring of evasion {unknown}
 q - an uncursed ring of wizardry {unknown}
 s - an uncursed ring of flight {unknown}
Wands
 r - a wand of disintegration (15)
Scrolls
 f - a scroll of fog {unknown}
 j - 2 scrolls of identify {unknown}
 k - 3 scrolls of fear {unknown}
 l - a scroll of enchant weapon {unknown}
 m - 2 scrolls of magic mapping {unknown}
 u - a scroll of immolation {unknown}
 x - a scroll of blinking {unknown}
 y - a scroll of remove curse {unknown}
Potions
 e - 4 potions of curing
 i - 2 potions of flight {unknown}
 o - a potion of cancellation {unknown}
 t - 3 potions of heal wounds {unknown}
 w - a potion of attraction {unknown}
 z - a potion of lignification {unknown}


   Skills:
 - Level 1.5 Dodging
 - Level 2.1 Stealth
 + Level 2.9 Spellcasting
 - Level 0.7 Transmutations
 * Level 5.5 Earth Magic


You had 7 spell levels left.
You knew the following spells:

 Your Spells              Type           Power        Failure   Level
a - Sandblast             Erth           40%          1%          1

Your spell library contained the following spells:

 Spells                   Type           Power        Failure   Level
 Passwall                 Tmut/Erth      10%          8%          2
 Stone Arrow              Conj/Erth      22%          19%         3
 Petrify                  Tmut/Erth      12%          45%         4
 Lee's Rapid Deconstruct  Erth           10%          47%         5


Dungeon Overview and Level Annotations

Branches:
Dungeon (4/15)
 Temple: D:4-7

Altars:
Elyvilon
Xom

Annotations:
D:2 Sigmund


Innate Abilities, Weirdness & Mutations

You are resistant to torment.
Your stone body is resilient. (AC +3)
You are immune to poison.
You resist negative energy. (rN+)
You are resistant to electric shocks. (rElec)
You can survive without breathing.
You are immune to petrification.
You are immune to miasma.


Message History

* * * LOW HITPOINT WARNING * * *
The orc closely misses you.
The orc priest hits you but does no damage.
Aiming: Sandblast (safe; 1% risk of failure)
Press: ? - help, Q - select action, (/) - cycle Shift-Dir - straight line, f - orc
Aim: an orc, wielding a +0 war axe and wearing a +0 chain mail (14% to evade)
Okay, then.
The orc misses you.
It was a potion of curing.
You feel better. The orc closely misses you.
The orc priest mumbles some strange prayers to Beogh against you.
Beogh smites you!
Aiming: Sandblast (safe; 1% risk of failure)
Press: ? - help, Q - select action, (/) - cycle Shift-Dir - straight line, f - orc priest
Aim: an orc priest, wearing a +0 ring mail (moderately wounded, 17% to evade)
The blast of sand hits the orc priest.
The orc priest is moderately wounded.
The orc priest mumbles some strange prayers to Beogh against you.
Beogh smites you!
Ouch! That really hurt!
You die...

# #... #. ## .## ## #..###.
#.##.## ##. #...#. #....##
#.. #....# #...##.#..# #....
##.#..##.# # . #...#
##.###..#.#
....##...#######..# #....#
.........o.@......# ##..>###
.####...#.oo...#..####..#..#
#..##....###.......###.. #.#
#..........##...#..# #..
#.....#...###.....## #.#
#.....##...# #.....# ..
......####..# .....##
#..$..#..[# #.....###.#
..##...# .# #.#


You could see an orc priest and 2 orcs.

Vanquished Creatures
  4 adders
  An ooze (D:1)
  An adder skeleton (D:4)
  A worm (D:2)
  A leopard gecko (D:1)
  2 orcs
  8 bats
  5 goblins
  3 hobgoblins (D:1)
  3 jackals (D:1)
  2 frilled lizards
  4 kobolds
  7 rats
42 creatures vanquished.

Notes
Turn   | Place    | Note
-------+----------+-------------------------------------------
     0 | D:1      | azarias the Gargoyle Earth Elementalist began the quest for
                  | the Orb.
     0 | D:1      | Reached XP level 1. HP: 10/10 MP: 3/3
   113 | D:1      | Reached skill level 4 in Earth Magic
   170 | D:1      | Reached XP level 2. HP: 15/15 MP: 5/5
   802 | D:1      | Reached XP level 3. HP: 15/19 MP: 6/6
  1312 | D:2      | Found a white marble altar of Elyvilon.
  1324 | D:2      | Reached skill level 5 in Earth Magic
  1434 | D:2      | Reached XP level 4. HP: 24/24 MP: 6/8
  1636 | D:2      | Noticed Sigmund
  1768 | D:3      | Found a shimmering altar of Xom.
  1768 | D:3      | Found a shimmering altar of Xom.
  1769 | D:3      | Found a shimmering altar of Xom.
  1769 | D:3      | Found a shimmering altar of Xom.
  1769 | D:3      | Found a shimmering altar of Xom.
  1770 | D:3      | Found a shimmering altar of Xom.
  2554 | D:4      | Killed from afar by an orc priest

Illustrated notes

Levels and vault maps discovered:
D:1:      scummos_arrival_checkerplants, layout_rooms
D:2:      layout_loops_ring, elyvilon_altar_1, uniq_sigmund
D:3:      layout_rooms, xom_redecorated
D:4:      layout_layer_cave, fedhas_altar_4

Skill      XL: |  1  2  3 |
---------------+----------+-----
Earth Magic    | 4 5 |  5.5
Dodging        | |  1.5
Stealth        | |  2.1
Spellcasting   | |  2.9
Transmutations | |  0.7

Action                   |  1- 3 |  4- 6 || total
-------------------------+-------+-------++-------
Melee: Dagger            |     9 |       ||     9
       Short sword       |    86 |    47 ||   133
 Cast: Sandblast         |    10 |     8 ||    18
  Use: Potion            |       |     1 ||     1
 Stab: Sleeping          |     3 |     1 ||     4
Armor: Robe              |    41 |    25 ||    66
Dodge: Dodged            |    68 |    43 ||   111
